← All builds
Suicide front / Legion / Quick factory / OBSERVED BUILD

Standard suicide front

Legion Suicide front build order · Supreme Isthmus

Quick Bot Lab into Vehicle Plant to project force at middle early with Ballista, Satyr, Decurion and Lance, transitioning into Barrage artillery and an Advanced Metal Extractor as the game develops.

#rush #raid · 55 distinct matches · 26 players · 77% of Legion Suicide front games · team won 59% of 58 · Recently observed

HOW TO PLAY IT

Key timing: Legion Vehicle Plant by 1:01

  1. Take first mex while the bot lab goes down immediately.
  2. Finish the bot lab fast to start producing early bots.
  3. Queue the vehicle plant right after for Ballista and Satyr.
  4. Push Ballista and Barrage to contest middle early.
  5. Transition into an advanced mex once T2 constructor is up.

Phase by phase

TYPICAL OF ITS 55 GAMES
  1. 1
  2. 2
  3. 3
PLAY THE OPENING

Follow the example game's first 6:00 step by step: what to build now, what comes next, and where it goes. At 1× it keeps pace with your own game.

  1. 1

    Up to the Legion Bot Lab

    Economy
    • Metal Extractor2Mex
    Order
    1. Legion Bot LabLegion Bot Lab after 2 mexdone ~0:34, middle half 0:27–0:45

    By 0:18 in all: 2 mex

    The example game in this phase · 4 steps
    1. Mex ×2
    2. PharosPharos
    3. Mex
    4. Legion Bot LabLegion Bot Labdone 0:51 · typical 0:34
  2. 2

    Legion Bot Lab to 5:00

    Economy
    • Metal Extractor4Mex
    • Wind Turbine6Wind
    Army
    • Pharos4 Pharos
    Other
    • Radar Tower1 Radar Tower

    Some games also: Legion Construction Bot (45%) · Zagreus (45%) · Legion Construction Vehicle (41%) · Barrage (41%) · con turret (41%)

    By 5:00 in all: 5 mex · 7 wind

    The example game in this phase · 25 steps
    1. Legion Construction BotLegion Construction Bot
    2. Wind ×2
    3. Legion Construction BotLegion Construction Bot ×2
    4. SatyrSatyr ×2
    5. Mex
    6. SatyrSatyr ×2
    7. PharosPharos
    8. SatyrSatyr
    9. ZagreusZagreus
    10. SatyrSatyr ×4
    11. Mex
    12. SatyrSatyr
    13. ZagreusZagreus
    14. PharosPharos
    15. SatyrSatyr ×5
    16. PharosPharos
    17. ZagreusZagreus
    18. Radar TowerRadar Tower
    19. SatyrSatyr ×5
    20. ZagreusZagreus
    21. SatyrSatyr ×5
    22. ZagreusZagreus
    23. SatyrSatyr ×5
    24. ZagreusZagreus
    25. Legion Construction BotLegion Construction Bot ×3
  3. 3

    5:00 to 10:00

    Economy
    • Metal Extractor1Mex
    • Wind Turbine10Wind
    Builders
    • Construction Turret1 Con turret

    Some games also: Radar Tower (48%) · Pharos (43%) · energy storage (41%) · Lance (36%) · Zagreus (33%)

    By 10:00 in all: 6 mex · 19 wind · 1 energy storage · 3 con turret

    The example game in this phase · 87 steps
    1. Legion Bot LabLegion Bot Labdone 5:17
    2. SatyrSatyr ×6
    3. ZagreusZagreus
    4. SatyrSatyr ×6
    5. Wind
    6. SatyrSatyr ×2
    7. Wind
    8. SatyrSatyr ×2
    9. GoblinGoblin
    10. SatyrSatyr ×2
    11. Wind
    12. SatyrSatyr
    13. ZagreusZagreus
    14. Wind
    15. SatyrSatyr ×3
    16. Wind
    17. SatyrSatyr ×3
    18. Wind
    19. SatyrSatyr ×4
    20. Wind
    21. SatyrSatyr ×3
    22. ZagreusZagreus
    23. Wind
    24. SatyrSatyr ×3
    25. Wind
    26. SatyrSatyr ×2
    27. Construction BotCon bot
    28. SatyrSatyr
    29. Wind
    30. SatyrSatyr ×2
    31. Mex
    32. SatyrSatyr ×2
    33. Wind
    34. SatyrSatyr ×3
    35. ZagreusZagreus
    36. Wind
    37. SatyrSatyr ×3
    38. Wind
    39. SatyrSatyr ×4
    40. Wind
    41. SatyrSatyr ×3
    42. Wind
    43. SatyrSatyr ×2
    44. ZagreusZagreus
    45. SatyrSatyr
    46. Wind
    47. GoblinGoblin
    48. SatyrSatyr ×2
    49. Wind
    50. SatyrSatyr ×2
    51. Twin GuardTwin Guard
    52. SatyrSatyr
    53. Wind
    54. SatyrSatyr ×4
    55. Wind
    56. SatyrSatyr ×3
    57. ZagreusZagreus
    58. Wind
    59. SatyrSatyr ×2
    60. Legion Construction BotLegion Construction Bot
    61. Wind
    62. GoblinGoblin
    63. SatyrSatyr
    64. Wind
    65. Mex
    66. SatyrSatyr
    67. Legion Construction BotLegion Construction Bot
    68. SatyrSatyr
    69. Wind
    70. SatyrSatyr
    71. Legion Construction BotLegion Construction Bot
    72. SatyrSatyr
    73. Wind
    74. SatyrSatyr ×3
    75. Wind
    76. SatyrSatyr ×4
    77. Wind
    78. SatyrSatyr
    79. Energy storage
    80. SatyrSatyr ×2
    81. Wind
    82. SatyrSatyr ×2
    83. ZagreusZagreus
    84. Mex
    85. Wind
    86. SatyrSatyr ×2
    87. Wind

Counts are medians over the build's games: half of them build more, half fewer. The example game is Dad_The_Speedrunner's (36 OS, 03/10/2026); pick another.

Team trades

IN AT LEAST 30% OF ITS GAMES

You hand over

Nothing regular.

You get

  • Tidal Generator4 Tidal from Pondfirst at 0:11 · in 52% of games
  • Advanced Construction Bot1 T2 con bot from Geo or Techfirst at 7:31 · in 48% of games

How it plays out

Typical game of this build, running totals by minute

Metal produced

010k20k
0:005:0010:0015:00

metal

Enemy metal destroyed

05k10k
0:005:0010:0015:00

metal

Own metal lost

05k10k
0:005:0010:0015:00

metal

58 games.

Show as table
ByMetal produced: This buildEnemy metal destroyed: This buildOwn metal lost: This build
1:0029100
2:0087900
3:00181617250
4:002774459290
5:0038471092625
6:00484418481085
7:00589329401953
8:00727243292701
9:00847448643265
10:00972556044448
11:001112356744806
12:001315861295595
13:001386666067159
14:001569070087755
15:001732675898208
WHAT THE NUMBERS SAY

This aggressive opening wins more often than the role's other lines, with enemy metal destroyed well above own losses by 15:00.

  • + Enemy metal destroyed (9422) nearly doubles own metal lost (8541) by 15:00.
  • + Team wins 58% of games, strongest result among these roles.
  • − Own metal lost climbs fast early, 770 by 5:00 from committing hard.
THE EXAMPLE YOU ARE READING

Dad_The_Speedrunner

35.5 OS · 03/10/2026

Open source match ↗

5 received units
90 metal received · 8016 energy received

Allied construction assistance is unknown. Timings are observations, not a promise of solo reproducibility.

Typical milestones

Legion Bot Lab0:34Middle 50%: 0:27–0:45 · n=33
Legion Vehicle Plant0:43Middle 50%: 0:30–1:02 · n=37

Played most by

XuunnY11games of this build_X_6games of this buildChancho4games of this build[crd]sisa3games of this buildxabre3games of this build